 Dungeon Sprint DCSS version 0.14-a0-2964-g8dc6adb (webtiles) character file.

46 BluebellGnoll the Covert (level 3, -1/16 HPs)
             Began as a Spriggan Enchanter on Mar 5, 2014.
             Was an Initiate of Sif Muna.
             Hit by a dart thrown by a big kobold (9 damage)
             ... in the Dungeon (Sprint IX: "|||||||||||||||||||||||||||||").
             The game lasted 00:03:24 (296 turns).

BluebellGnoll the Covert (Spriggan Enchanter)        Turns: 296, Time: 00:03:24

HP  -1/16        AC  5     Str  4      XL: 3   Next: 44%
MP   8/11        EV 18     Int 20      God: Sif Muna [......]
Gold 0           SH  0     Dex 16      Spells:  3 memorised,  3 levels left

rFire  . . .     SeeInvis +     s - +2 cutlass (venom)
rCold  . . .     Clarity  .     b - +1 robe
rNeg   . . .     Conserve .     (shield restricted)
rPois  .         rCorr    .     (helmet restricted)
rElec  .         rRot     .     (no cloak)
SustAb . .       Spirit   .     (gloves unavailable)
rMut   .         Warding  .     (boots unavailable)
Saprov . . .     NoTele   +     (no amulet)
MR     .....                    q - +3 ring of intelligence
                                p - +2 ring of protection

@: very quick, not resistant to hostile enchantments, extremely stealthy
A: unfitting armour, see invisible, herbivore 3, speed 3, slow metabolism 2
a: Renounce Religion


You were in the Dungeon.
You worshipped Sif Muna.
Sif Muna was noncommittal.
You were not hungry.

You visited 1 branch

Inventory:

Hand weapons
 a - a +1,+1 dagger
 s - a +2,+2 cutlass of venom (weapon)
Missiles
 d - 13 darts (quivered)
Armour
 b - a +1 robe (worn)
 r - a +1 chain mail
 t - a +0 pair of dwarven boots
 u - a +0 orcish helmet
Magical devices
 o - a wand of fire (7)
Scrolls
 k - 2 scrolls of blinking
 m - 3 scrolls of remove curse
 n - 2 scrolls of amnesia
Jewellery
 p - a +2 ring of protection (left hand)
 q - a +3 ring of intelligence (right hand)
Potions
 e - a potion of porridge
 f - 5 potions of curing
 g - 3 potions of heal wounds
 h - a potion of speed
 i - 4 potions of magic
 j - a potion of berserk rage
 l - a potion of invisibility
Books
 c - a book of Maledictions

   Spells                             Type                      Level
   *Corona                            Hexes                        1
   Sure Blade                         Hexes/Charms                 2
   *Ensorcelled Hibernation           Hexes/Ice                    2
   *Confuse                           Hexes                        3
   Enslavement                        Hexes                        4
   Invisibility                       Hexes                        6


   Skills:
 - Level 1.1 Short Blades
 - Level 1.1 Throwing
 - Level 3.0 Dodging
 - Level 10.0 Stealth
 * Level 3.6 Spellcasting
 + Level 4.5 Hexes


You had 3 spell levels left.
You knew the following spells:

 Your Spells              Type           Power        Failure   Level  Hunger
a - Corona                Hex            ###....      2%          1    None
b - Ensorcelled Hibernat  Hex/Ice        ##....       10%         2    ##.....
c - Confuse               Hex            ###.....     10%         3    ###....


Dungeon Overview and Level Annotations

Branches:
Dungeon (1/1)

Altars:
Ashenzari
Cheibriados
Dithmenos
Elyvilon
Fedhas
Kikubaaqudgha
Makhleb
Nemelex Xobeh
Okawaru
Sif Muna
Trog
Vehumet
Xom
Yredelemnul
Zin
The Shining One


Innate Abilities, Weirdness & Mutations

You are tiny and cannot use many weapons and most armour.
You have supernaturally acute eyesight.
You are a herbivore.
You cover ground extremely quickly.
You need consume almost no food.


Message History

r - a +1 chain mail The kobold shouts!
You see here a +0 pair of dwarven boots.
t - a +0 pair of dwarven boots The big kobold throws a dart.
The dart hits you!
Things that are here:
a dart; a +0 orcish helmet
d - 13 darts (gained 1);
u - a +0 orcish helmet The big kobold throws a dart.
The dart misses you.
Casting: Ensorcelled Hibernation
Confirm with . or Enter, or press ? or * to list all spells.
Aiming: Ensorcelled Hibernation
Press: ? - help, Shift-Dir - straight line, f/p - kobold
Aim: a kobold The big kobold looks drowsy...
The big kobold throws a dart.
The dart hits you!
You see here a dart.
The big kobold throws a dart.
The dart hits you!
Ouch! That really hurt!
You die...

▓W▓
▓J▓
▓K▓
▓o▓
▓K▓
▓K▓
▓'▓
▓.▓
▓@▓
▓.▓
▓(▓
▓.▓
▓.▓
▓(▓
▓.▓
▓.▓
▓'▓


You could see a wraith, an orc warrior, a big kobold, a jelly and 2 kobolds.

Vanquished Creatures
  An iguana (D)
  An adder (D)
  An orc (D)
  A hobgoblin (D)
  2 bats (D)
  A giant cockroach (D)
  A hobgoblin skeleton (D)
  A kobold (D)
  A rat (D)
10 creatures vanquished.

Notes
Turn   | Place    | Note
--------------------------------------------------------------
     0 | D        | BluebellGnoll, the Spriggan Enchanter, began the quest for the Orb.
     0 | D        | Reached XP level 1. HP: 9/9 MP: 4/4
    11 | D        | Reached skill level 4 in Stealth
    19 | D        | Reached skill level 5 in Stealth
    96 | D        | Noticed an iguana
    98 | D        | Killed an iguana
    98 | D        | Reached skill level 10 in Stealth
    98 | D        | Reached XP level 2. HP: 13/13 MP: 7/7
    98 | D        | Reached XP level 3. HP: 16/16 MP: 9/9
   110 | D        | Learned a level 2 spell: Ensorcelled Hibernation
   114 | D        | Learned a level 3 spell: Confuse
   140 | D        | Found a shadowy altar of Dithmenos.
   140 | D        | Found a glowing silver altar of Zin.
   140 | D        | Found a glowing silver altar of Zin.
   140 | D        | Found a shadowy altar of Dithmenos.
   140 | D        | Found a radiant altar of Vehumet.
   140 | D        | Found a sparkling altar of Nemelex Xobeh.
   140 | D        | Found an iron altar of Okawaru.
   141 | D        | Found a white marble altar of Elyvilon.
   142 | D        | Found a deep blue altar of Sif Muna.
   143 | D        | Found a shattered altar of Ashenzari.
   144 | D        | Found a shimmering altar of Xom.
   145 | D        | Found a blossoming altar of Fedhas.
   146 | D        | Found a basalt altar of Yredelemnul.
   147 | D        | Found a snail-covered altar of Cheibriados.
   148 | D        | Found an ancient bone altar of Kikubaaqudgha.
   149 | D        | Found a bloodstained altar of Trog.
   150 | D        | Found a glowing golden altar of the Shining One.
   151 | D        | Became a worshipper of Sif Muna the Loreminder
   152 | D        | Found a burning altar of Makhleb.
   284 | D        | Noticed a wraith
   284 | D        | Noticed a jelly
   284 | D        | Noticed an orc warrior
   284 | D        | Noticed a big kobold
   296 | D        | Hit by a dart thrown by a big kobold

Action                   || total
-------------------------++-------
Melee: Dagger            ||    30
 Cast: Ensorcelled Hiber ||     3
 Stab: Sleeping          ||     4
